AoeStats
← whO asked?

Golden Pit

509604472Analyzed
1v1 RM · 5d ago on Sep 27, 2026· 37m 35s· 2 players
Game mode
Random Map
Map size
Tiny (2 player)
Population
200
Speed
Normal
Resources
Standard
Victory
Conquest
Starting age
Dark Age
Ending age
Imperial Age
RankedLock teamsTeams togetherTeam positionsShared explorationLock speedFull tech treeHidden civsTurbo modeCheats
Victory
Defeat
🇰🇿 Tatars · Kazakhstan
816
+14
🇦🇷 Vietnamese · Argentina
782
-14
Aldomagno
6:34 Loom
13:22 Feudal Age
14:17 Double-Bit Axe
16:47 Horse Collar
21:30 Gold Mining
23:59 Castle Age
22:29 Fletching
23:29 Stone Mining
25:15 Bow Saw
26:15 Elite Skirmisher
33:25 Bodkin Arrow
33:30 Padded Archer Armor
32:57 Crossbowman
whO asked?
12:04 Feudal Age
12:06 Loom
13:05 Double-Bit Axe
16:55 Castle Age
15:01 Gold Mining
15:23 Town Watch
16:13 Wheelbarrow
15:34 Stone Mining
16:59 Forging
20:09 Fletching
22:11 Wheelbarrow
23:41 Scale Mail Armor
23:13 Elite Skirmisher
27:14 Ballistics
28:53 Bodkin Arrow
30:10 Gold Shaft Mining
29:34 Horse Collar
31:28 Town Patrol
35:16 Imperial Age
34:25 Iron Casting
35:36 Hand Cart
35:35 Padded Archer Armor
37:06 Bracer
38:10 Conscription
39:09 Blast Furnace
Connection lost

Rejoining the realm…

Still unreachable

The connection could not be restored.

Session expired

The server has moved on; the page needs a fresh start.